 Dungeon Crawl Stone Soup version 0.18.1-48-g4cf74bf (webtiles) character file.

12428 dvd the Arsonist (level 11, 0/59 HPs)
             Began as a Deep Elf Fire Elementalist on Aug 25, 2016.
             Was an Elder of Vehumet.
             Slain by a guardian serpent (12 damage)
             ... on level 2 of the Lair of Beasts.
             The game lasted 00:59:24 (15245 turns).

dvd the Arsonist (Deep Elf Fire Elementalist)      Turns: 15245, Time: 00:59:25

Health: 0/59       AC: 22    Str:  4    XL:     11   Next: 62%
Magic:  2/26       EV: 11    Int: 25    God:    Vehumet [****..]
Gold:   247        SH:  0    Dex: 17    Spells: 9 memorised, 4 levels left

rFire  . . .     SeeInvis +     a - +8 quarterstaff (chaos)
rCold  . . .     Gourm    .     u - +6 ring mail of Soasmuss {rElec rPois MR+ Dex+2}
rNeg   . . .     Faith    .     (shield currently unavailable)
rPois  +         Spirit   .     r - +2 helmet {SInv}
rElec  +         Dismiss  .     M - +2 cloak
rCorr  .         Reflect  .     H - +0 pair of gloves
SustAt .         Harm     .     y - +2 pair of boots {Fly}
MR     +++..                    (no amulet)
Stlth  +++.......               (no ring)
                                f - ring of protection from magic

@: flying, very slightly contaminated, repel missiles, extremely resistant to
hostile enchantments, fairly stealthy
A: blurry vision 1
a: Renounce Religion, Stop Flying


You were on level 2 of the Lair of Beasts.
You worshipped Vehumet.
Vehumet was greatly pleased with you.
You were hungry.

You visited 3 branches of the dungeon, and saw 14 of its levels.

You collected 923 gold pieces.
You spent 676 gold pieces at shops.

Inventory:

Hand Weapons
 a - a +8 quarterstaff of chaos (weapon)
 h - a +2 quarterstaff of draining
 k - a +1 short sword
 w - a +2 dagger of venom
 F - a +0 falchion of freezing
Armour
 l - a +1 leather armour of fire resistance
 r - a +2 helmet of see invisible (worn)
 u - the +6 ring mail of Soasmuss (worn) {rElec rPois MR+ Dex+2}
   (You found it on level 1 of the Lair of Beasts)

   It affects your dexterity (+2).
   It insulates you from electricity.
   It protects you from poison.
   It affects your resistance to hostile enchantments.
 y - a +2 pair of boots of flying (worn)
 H - a +0 pair of gloves (worn)
 K - a +1 hat of intelligence
 M - a +2 cloak (worn)
Magical Staves
 E - an uncursed staff of death
Jewellery
 f - a ring of protection from magic (left hand)
 g - an uncursed amulet of guardian spirit
Wands
 t - a wand of teleportation (5/9)
 z - a wand of confusion (25/48)
 L - a wand of teleportation (2/9)
 O - a wand of digging (3/24)
 P - a wand of iceblast (9/15)
 S - a wand of hasting (4/9)
Scrolls
 e - 7 scrolls of identify
 n - 5 scrolls of teleportation
 s - a scroll of blinking
 v - a scroll of amnesia
 G - a scroll of magic mapping
 J - 2 scrolls of remove curse
Potions
 d - 2 potions of curing
 j - 3 potions of brilliance
 p - a potion of invisibility
 q - 2 potions of magic
 B - 2 potions of agility
 D - 4 potions of haste
Books
 b - a book of Flames

   Spells                             Type                      Level
   a - Flame Tongue                   Conjuration/Fire             1
   b - Throw Flame                    Conjuration/Fire             2
   c - Conjure Flame                  Conjuration/Fire             3
   d - Inner Flame                    Hexes/Fire                   3
   e - Sticky Flame                   Conjuration/Fire             4
   f - Fireball                       Conjuration/Fire             5
 x - a book of Enchantments

   Spells                             Type                      Level
   a - Cause Fear                     Hexes                        4
   b - Yara's Violent Unravelling     Hexes/Transmutation          5
   c - Silence                        Hexes/Air                    5
   d - Deflect Missiles               Charms/Air                   6
   e - Haste                          Charms                       6
   f - Discord                        Hexes                        8
 C - a book of Envenomations

   Spells                             Type                      Level
   a - Spider Form                    Transmutation/Poison         3
   b - Olgreb's Toxic Radiance        Poison                       4
   c - Alistair's Intoxication        Transmutation/Poison         5
   d - Poisonous Cloud                Conjuration/Poison/Air       6
 I - a book of Minor Magic

   Spells                             Type                      Level
   a - Magic Dart                     Conjuration                  1
   b - Blink                          Translocation                2
   c - Call Imp                       Summoning                    2
   d - Repel Missiles                 Charms/Air                   2
   e - Slow                           Hexes                        2
   f - Conjure Flame                  Conjuration/Fire             3
   g - Mephitic Cloud                 Conjuration/Poison/Air       3
Comestibles
 c - 9 bread rations
 i - 10 slices of pizza
 m - a beef jerky
 o - 4 meat rations
 A - 11 chunks of flesh
 N - 3 fruits


   Skills:
 + Level 2.8 Fighting
 + Level 3.2 Staves
 + Level 3.1 Armour
 + Level 7.2 Dodging
 + Level 5.8 Stealth
 + Level 9.7 Spellcasting
 * Level 10.0 Conjurations
 + Level 1.5 Hexes
 * Level 1.4 Translocations
 * Level 11.6 Fire Magic
 + Level 4.0 Evocations


You had 4 spell levels left.
You knew the following spells:

 Your Spells              Type           Power        Failure   Level  Hunger
a - Flame Tongue          Conj/Fire      #####        1%          1    None
b - Throw Flame           Conj/Fire      ######       1%          2    None
c - Sticky Flame          Conj/Fire      ######..     1%          4    #......
d - Fireball              Conj/Fire      ######....   3%          5    ####...
e - Freeze                Ice            ##..         10%         1    None
f - Blink                 Tloc           N/A          28%         2    None
g - Repel Missiles        Chrm/Air       ##....       50%         2    None
h - Dazzling Spray        Conj/Hex       #####.       2%          3    None
i - Bolt of Magma         Conj/Fire/Erth #####.....   11%         5    ####...


Dungeon Overview and Level Annotations

Branches:
Dungeon (11/15)            Temple (1/1) D:6            Lair (2/8) D:10
    Orc (0/2) D:11

Altars:
Ashenzari
Cheibriados
Dithmenos
Elyvilon
Fedhas
Gozag
Kikubaaqudgha
Makhleb
Nemelex Xobeh
Okawaru
Pakellas
Qazlal
Ru
Sif Muna
Vehumet
Xom
Yredelemnul
Zin
The Shining One

Shops:
D:9 :!?[?

Portals:
Trove: D:10 (show abyssal rune of Zot)

Annotations:
D:6 Inkary's ghost, novice MiFi


Innate Abilities, Weirdness & Mutations

Scrolls take you a little longer to read.


Message History

Drink which item? (? for menu, Esc to quit)
You can't drink that!
Casting: Sticky Flame
Confirm with . or Enter, or press ? or * to list all spells.
You blink.
You feel sick. The guardian serpent hits you!
* * * LOW HITPOINT WARNING * * *
You feel sick. The guardian serpent barely misses you.
You feel sick.
The guardian serpent casts a spell at you.
The bolt of poison hits you! You resist.
You feel sick.
You feel sick.
You feel sick. The guardian serpent hits you.
* * * LOW HITPOINT WARNING * * *
Drink which item? (? for menu, Esc to quit)
You feel better.
The guardian serpent hits you but does no damage.
The guardian serpent hits you but does no damage.
The guardian serpent hits you!
You die...

...#####...####
#P....##..#.#
#....#..###
#.....####
#........##
###P.....P#
##......#
##......##
#P.@....P#
##.S.....#
#........#
#.......## ##
###.....## ..###
#####P.......#
.....
#.#.....######
..r.. ##....###
.....#####...###


You could see a guardian serpent.

Vanquished Creatures
  2 hydras (Lair:1)
  Erica (D:9)
  2 hill giants (D:10)
  Maurice (D:9)
  Joseph (D:10)
  3 komodo dragons
  2 trolls
  3 yaks (Lair:1)
  A wraith (D:11)
  2 wyverns
  3 hippogriffs
  A hungry ghost (D:10)
  A vampire mosquito (D:7)
  A naga (shapeshifter) (Lair:1)
  Edmund (D:5)
  2 porcupines
  3 water moccasins
  A phantom (D:8)
  3 ice beasts
  3 orc warriors (D:9)
  6 ogres
  A necrophage (D:10)
  2 centaurs
  3 crocodiles
  6 giant frogs
  A gnoll sergeant (D:8)
  2 scorpions (D:11)
  2 killer bees (D:11)
  3 wights (D:11)
  An electric eel (D:10)
  4 howler monkeys (D:8)
  2 crimson imps
  A jelly (D:11)
  3 hounds
  A giant frog zombie (D:10)
  2 centaur zombies
  9 orc priests
  A giant frog skeleton (D:10)
  Crazy Yiuf (D:3)
  3 centaur skeletons
  Jessica (D:2)
  4 iguanas
  16 worker ants
  Ijyb (D:3)
  Terence (D:2)
  8 orc wizards
  2 hound skeletons
  3 worker ant zombies
  Robin (D:2)
  10 gnolls
  26 river rats (Lair:1)
  13 adders
  A shadow imp (D:10)
  2 oozes
  4 adder skeletons
  3 worms
  2 dart slugs
  6 giant geckos
  51 orcs
  2 ball pythons
  11 bats
  9 giant cockroaches
  12 goblins
  10 hobgoblins
  13 jackals
  7 kobolds
  6 quokkas
  A giant gecko skeleton (D:8)
  A giant gecko zombie (D:9)
  5 giant newts
  A quokka skeleton (D:4)
  8 rats
  A butterfly (D:11)
  5 plants (D:10)
338 creatures vanquished.

Vanquished Creatures (others)
  4 plants
4 creatures vanquished.

Grand Total: 342 creatures vanquished

Notes
Turn   | Place    | Note
--------------------------------------------------------------
     0 | D:1      | dvd the Deep Elf Fire Elementalist began the quest for the Orb.
     0 | D:1      | Reached XP level 1. HP: 10/10 MP: 6/6
   307 | D:1      | Reached skill level 4 in Fire Magic
   307 | D:1      | Reached XP level 2. HP: 15/15 MP: 2/8
   379 | D:1      | Learned a level 2 spell: Throw Flame
   862 | D:1      | Reached XP level 3. HP: 19/19 MP: 6/9
  1202 | D:2      | Noticed Jessica
  1208 | D:2      | Killed Jessica
  1210 | D:2      | Reached XP level 4. HP: 24/24 MP: 6/11
  1216 | D:2      | Learned a level 4 spell: Sticky Flame
  1240 | D:2      | Found a sacrificial altar of Ru.
  1391 | D:2      | Found a glowing golden altar of the Shining One.
  1840 | D:2      | Reached skill level 5 in Fire Magic
  1946 | D:2      | Noticed Robin
  1990 | D:2      | Killed Robin
  2227 | D:2      | Noticed Terence
  2237 | D:2      | Killed Terence
  2237 | D:2      | Reached XP level 5. HP: 14/28 MP: 0/13
  2337 | D:2      | Learned a level 5 spell: Fireball
  2992 | D:3      | Noticed Ijyb
  3000 | D:3      | Killed Ijyb
  3134 | D:3      | Found a faded altar to an unknown god.
  3180 | D:3      | Noticed Crazy Yiuf
  3184 | D:3      | Killed Crazy Yiuf
  3305 | D:3      | Reached XP level 6. HP: 32/32 MP: 14/14
  3346 | D:3      | Found a shadowy altar of Dithmenos.
  3865 | D:4      | Reached skill level 6 in Fire Magic
  4608 | D:4      | Reached XP level 7. HP: 25/36 MP: 9/16
  4942 | D:5      | Entered Level 5 of the Dungeon
  4956 | D:5      | Noticed Edmund
  4968 | D:5      | You fall through a shaft for 2 floors!
  4983 | D:7      | Reached skill level 5 in Spellcasting
  5134 | D:7      | Noticed a vampire mosquito
  5155 | D:6      | Found an opulent altar of Gozag.
  5183 | D:6      | Reached skill level 7 in Fire Magic
  5276 | D:6      | Found a staircase to the Ecumenical Temple.
  5298 | Temple   | Entered the Ecumenical Temple
  5321 | Temple   | Became a worshipper of Vehumet
  5632 | D:6      | Noticed Inkary's ghost (novice MiFi)
  6258 | D:5      | Killed Edmund
  6258 | D:5      | Reached XP level 8. HP: 42/42 MP: 7/18
  6689 | D:6      | Reached skill level 5 in Conjurations
  6890 | D:6      | Found an iron altar of Okawaru.
  6893 | D:6      | Found a snail-covered altar of Cheibriados.
  7282 | D:7      | Reached skill level 8 in Fire Magic
  8040 | D:7      | Reached skill level 1 in Staves
  8064 | D:7      | Reached skill level 1 in Fighting
  8436 | D:7      | Reached * piety under Vehumet
  8436 | D:7      | Offered knowledge of Freeze by Vehumet.
  8441 | D:7      | Learned a level 1 spell: Freeze
  8490 | D:7      | Reached XP level 9. HP: 36/47 MP: 14/20
  8744 | D:8      | Reached skill level 9 in Fire Magic
  8888 | D:8      | Reached skill level 5 in Dodging
  9237 | D:8      | Found a stormy altar of Qazlal.
  9315 | D:8      | Gained mutation: Scrolls take you a little longer to read. [potion of mutation]
  9315 | D:8      | Gained mutation: You are resistant to hostile enchantments. [potion of mutation]
  9315 | D:8      | Gained mutation: Armour fits poorly on your strangely shaped body. [potion of mutation]
  9316 | D:8      | Gained mutation: Your movements are slightly less encumbered by armour (ER -2). [potion of mutation]
  9316 | D:8      | Gained mutation: You have sharp toenails. [potion of mutation]
  9316 | D:8      | Gained mutation: Your spells are a little easier to cast, but a little less powerful. [potion of mutation]
  9320 | D:8      | Lost mutation: Your movements are slightly less encumbered by armour (ER -2). [potion of cure mutation]
  9320 | D:8      | Lost mutation: Armour fits poorly on your strangely shaped body. [potion of cure mutation]
  9320 | D:8      | Lost mutation: Your spells are a little easier to cast, but a little less powerful. [potion of cure mutation]
  9320 | D:8      | Lost mutation: You are resistant to hostile enchantments. [potion of cure mutation]
  9651 | D:9      | Found Iddenny's Magic Scroll Boutique.
  9678 | D:9      | Found a white marble altar of Elyvilon.
  9970 | D:9      | Found Ucliexyr's Distillery.
 10017 | D:9      | Found Vaojus's Magic Scroll Emporium.
 10047 | D:9      | Offered knowledge of Throw Frost by Vehumet.
 10047 | D:9      | Reached ** piety under Vehumet
 10156 | D:9      | Reached skill level 1 in Evocations
 10174 | D:9      | Reached skill level 10 in Fire Magic
 10178 | D:9      | Offered knowledge of Ignite Poison by Vehumet.
 10422 | D:9      | Found Qeox's Armour Shoppe.
 10430 | D:9      | Bought a +1 helmet of see invisible for 198 gold pieces
 10440 | D:9      | Bought a +2 pair of boots of flying for 258 gold pieces
 10538 | D:9      | Found Wadug's Book Shoppe.
 10549 | D:9      | Noticed Maurice
 10556 | D:9      | Killed Maurice
 10556 | D:9      | Reached XP level 10. HP: 53/53 MP: 5/23
 10576 | D:9      | Bought a book of Minor Magic for 220 gold pieces
 10579 | D:9      | Learned a level 2 spell: Blink
 10582 | D:9      | Learned a level 2 spell: Repel Missiles
 10661 | D:9      | Reached *** piety under Vehumet
 10776 | D:9      | Reached skill level 1 in Armour
 10896 | D:9      | Noticed Erica
 10907 | D:9      | Killed Erica
 10949 | D:9      | Found a basalt altar of Yredelemnul.
 11033 | D:10     | Entered Level 10 of the Dungeon
 11042 | D:10     | Noticed a hill giant
 11051 | D:10     | Killed a hill giant
 11232 | D:10     | Found a portal to a secret trove of treasure.
 11250 | D:10     | Noticed Joseph
 11262 | D:10     | Killed Joseph
 11303 | D:10     | Offered knowledge of Dazzling Spray by Vehumet.
 11308 | D:10     | Learned a level 3 spell: Dazzling Spray
 11371 | D:10     | Noticed a hill giant
 11386 | D:10     | Killed a hill giant
 12130 | D:10     | Found a staircase to the Lair.
 12381 | D:11     | Reached skill level 11 in Fire Magic
 12383 | D:11     | Reached skill level 5 in Stealth
 12399 | D:11     | Reached skill level 1 in Hexes
 12399 | D:11     | Reached XP level 11. HP: 29/59 MP: 8/26
 12565 | D:11     | Reached **** piety under Vehumet
 12816 | D:11     | Found a runed door.
 12831 | D:11     | Found a runed door.
 12931 | D:11     | Offered knowledge of Bolt of Magma by Vehumet.
 13350 | D:11     | Learned a level 5 spell: Bolt of Magma
 13466 | D:11     | Found a staircase to the Orcish Mines.
 13608 | Lair:1   | Entered Level 1 of the Lair of Beasts
 13724 | Lair:1   | Drew Focus: Int increased to 25, Str decreased to 4
 13725 | Lair:1   | Lost mutation: You have sharp toenails. [helix card]
 13828 | Lair:1   | Got a blackened ring mail
 13839 | Lair:1   | Identified the +6 ring mail of Soasmuss {rElec rPois MR+ Dex+2} (You found it on level 1 of the Lair of Beasts)
 14102 | Lair:1   | Noticed a five-headed hydra
 14296 | Lair:1   | Killed a five-headed hydra
 14563 | Lair:1   | Noticed a six-headed hydra
 14577 | Lair:1   | Killed a six-headed hydra
 14577 | Lair:1   | Reached skill level 10 in Conjurations
 14577 | Lair:1   | Reached skill level 1 in Translocations
 14772 | Lair:2   | Noticed a four-headed hydra
 15245 | Lair:2   | Slain by a guardian serpent

Skill      XL: |  1  2  3  4  5  6  7  8  9 10 11 |
---------------+----------------------------------+-----
Fire Magic     | 4 5 6 7 8 10 11 | 11.6
Spellcasting   | 4 5 6 7 9 |  9.7
Stealth        | 3 4 5 |  5.8
Conjurations   | 2 3 4 6 7 9 10 | 10.0
Dodging        | 3 4 6 7 |  7.2
Staves         | 1 2 3 |  3.2
Fighting       | 1 2 |  2.8
Evocations     | 2 4 |  4.0
Armour         | 1 3 |  3.1
Hexes          | 1 |  1.5
Translocations | 1 |  1.4

Action                   |  1- 3 |  4- 6 |  7- 9 | 10-12 || total
-------------------------+-------+-------+-------+-------++-------
Melee: Unarmed           |     2 |       |       |       ||     2
       Short sword       |     2 |     5 |       |       ||     7
       Quarterstaff      |       |    17 |   129 |   133 ||   279
       Kick              |       |       |     2 |       ||     2
 Cast: Flame Tongue      |    43 |    54 |    30 |     8 ||   135
       Throw Flame       |    11 |    55 |    79 |    58 ||   203
       Sticky Flame      |       |     8 |    24 |    24 ||    56
       Fireball          |       |       |    27 |    40 ||    67
       Dazzling Spray    |       |       |       |    11 ||    11
       Blink             |       |       |       |     7 ||     7
       Repel Missiles    |       |       |       |     1 ||     1
       Bolt of Magma     |       |       |       |     2 ||     2
Evoke: Deck              |       |       |       |     6 ||     6
       Wand              |       |       |       |     1 ||     1
  Use: Scroll            |     3 |     4 |    12 |     3 ||    22
       Potion            |       |       |    13 |     5 ||    18
 Stab: Sleeping          |     3 |     3 |     5 |     2 ||    13
       Invisible         |       |       |       |     2 ||     2
       Paralysed         |       |       |       |     1 ||     1
  Eat: Chunk             |     1 |    12 |    25 |    22 ||    60
       Beef jerky        |       |       |     1 |     1 ||     2
       Royal jelly       |       |       |     1 |       ||     1
       Fruit             |       |       |       |     1 ||     1
Armor: Robe              |     5 |     4 |    43 |       ||    52
       Leather armour    |       |       |     4 |    28 ||    32
       Ring mail         |       |       |       |    42 ||    42
       Skin              |       |       |       |     5 ||     5
Dodge: Dodged            |    18 |    42 |   170 |   122 ||   352
       Deflected         |       |       |       |     2 ||     2
